 Dungeon Crawl Stone Soup version 0.22-a0-525-gf69a0803ab (webtiles) character file.

66 Anathary the Chopper (level 3, -2/34 HPs)
             Began as a Minotaur Berserker on June 21, 2018.
             Was a Believer of Trog.
             Slain by a centaur (5 damage)
             ... on level 2 of the Dungeon.
             The game lasted 00:04:33 (2061 turns).

Anathary the Chopper (Minotaur Berserker)           Turns: 2061, Time: 00:04:33

Health: -2/34      AC:  2    Str: 22    XL:     3   Next: 96%
Magic:  2/2        EV: 12    Int:  4    God:    Trog [**....]
Gold:   55         SH:  0    Dex:  9    Spells: 2/2 levels left

rFire    . . .     SeeInvis .   a - +0 hand axe
rCold    . . .     Gourm    .   (no shield)
rNeg     . . .     Faith    .   b - +0 animal skin
rPois    .         Spirit   .   (helmet restricted)
rElec    .         Reflect  .   (no cloak)
rCorr    .         Harm     .   (no gloves)
MR       .....                  (no boots)
Stlth    +.........             (no amulet)
HPRegen  0.11/turn              (no ring)
MPRegen  0.08/turn              (no ring)

@: no status effects
A: retaliatory headbutt, horns 2
a: Berserk, Trog's Hand, Renounce Religion


You were on level 2 of the Dungeon.
You worshipped Trog.
Trog was pleased with you.
You were not hungry.

You visited 1 branch of the dungeon, and saw 2 of its levels.

You collected 55 gold pieces.

Inventory:

Hand Weapons
 a - a +0 hand axe (weapon)
Armour
 b - a +0 animal skin (worn)
Scrolls
 d - 5 scrolls of identify {unknown}
 f - a scroll of immolation {unknown}
 h - a scroll of amnesia {unknown}
 j - a scroll of teleportation {unknown}
 l - a scroll of remove curse {unknown}
 n - a scroll of enchant weapon {unknown}
Potions
 e - a potion of curing {unknown}
 g - a potion of might {unknown}
 i - a potion of heal wounds {unknown}
 k - 2 potions of magic {unknown}
 m - a potion of cancellation {unknown}
Comestibles
 c - 4 rations


   Skills:
 + Level 4.5 Fighting
 + Level 4.6 Axes
 + Level 2.8 Armour
 + Level 2.5 Dodging
 + Level 0.2 Stealth


You had 2 spell levels left.
You didn't know any spells.
Your spell library was empty.

Dungeon Overview and Level Annotations

Branches:
Dungeon (2/15)

Altars:


Innate Abilities, Weirdness & Mutations

You reflexively headbutt those who attack you in melee.
You have a pair of horns on your head.


Message History

The centaur barely misses you. The centaur closely misses you.
You hit the centaur but do no damage. Your headbutt misses the centaur.
The centaur is severely wounded.
The centaur hits you but does no damage.
You barely miss the centaur.
The centaur is severely wounded.
The centaur barely misses you. You furiously retaliate!
You headbutt the centaur, but do no damage.
The centaur hits you!
* * * LOW HITPOINT WARNING * * *
You hit the centaur but do no damage.
The centaur is severely wounded.
The centaur barely misses you.
You hit the centaur.
The centaur is almost dead.
The centaur closely misses you. The centaur misses you.
You barely miss the centaur.
The centaur is almost dead.
The centaur closely misses you. The centaur hits you.
You die...

.... ... ..# .. #. #.##
### #..### #..# #..
#.....###########.###+##..
#.<....)c@....)(..........
#####.############.....#..
... #.....#.. .....
####..... ...g... #.....
(...(.. ...###. g.l....
##.. #. ..gg... ....#. ..


You could see a centaur.

Vanquished Creatures
  Robin (D:2)
  3 worms (D:2)
  A dart slug (D:1)
  2 leopard geckos (D:1)
  A bat (D:1)
  A giant cockroach (D:1)
  11 goblins
  8 hobgoblins
  3 frilled lizards
  4 kobolds
  7 rats
42 creatures vanquished.

Notes
Turn   | Place    | Note
-------+----------+-------------------------------------------
     0 | D:1      | Anathary the Minotaur Berserker began the quest for the Orb.
     0 | D:1      | Reached XP level 1. HP: 19/19 MP: 0/0
   461 | D:1      | Reached XP level 2. HP: 27/27 MP: 1/1
  1161 | D:2      | Noticed Robin
  1296 | D:2      | Reached ** piety under Trog
  1296 | D:2      | Reached XP level 3. HP: 33/33 MP: 2/2
  1850 | D:2      | Killed Robin
  2048 | D:2      | Noticed a centaur
  2061 | D:2      | Slain by a centaur

Vault maps used:
D:1:      dpeg_arrival_ratfight
D:2:      nicolae_overflow_crystal_walls,
          chequers_temple_overflow_statue_of_worship, minmay_tripent, uniq_robin

Skill      XL: |  1  2 |
---------------+-------+-----
Fighting       | 4 |  4.5
Axes           | 4 |  4.6
Armour         | |  2.8
Dodging        | |  2.5
Stealth        | |  0.2

Action                   || total
-------------------------++-------
Melee: Hand axe          ||    89
       Headbutt          ||    20
  Eat: Ration            ||     1
Armor: Animal skin       ||     8
Dodge: Dodged            ||    44

Table legend:
 A = Spawn XP
 B = Non-spawn XP
 C = Spawn XP percentage of total XP
 D = Spawn monster count
 E = Non-spawn monster count
 F = Spawn count percentage of total count
 G = Total turns spent on level
                    A         B        C        D         E        F      G
               +---------+---------+-------+---------+---------+-------+---------
         Total |       0 |      95 |   0.0 |       0 |      42 |   0.0 |  2061
               +---------+---------+-------+---------+---------+-------+---------
           D:1 |       0 |      37 |   0.0 |       0 |      21 |   0.0 |  1237
           D:2 |       0 |      58 |   0.0 |       0 |      21 |   0.0 |   824
               +---------+---------+-------+---------+---------+-------+---------
